 Dungeon Crawl Stone Soup version 0.32-a0-675-gdc239d62e1 (webtiles) character file.

Game seed: 3753321070022512583

205 zenocrate the Digger (level 5, -4/31 HPs)
             Began as an Octopode Earth Elementalist on Mar 12, 2024.
             Slain by an iguana (13 damage)
             ... on level 3 of the Dungeon.
             The game lasted 00:02:24 (2613 turns).

zenocrate the Digger (Octopode Earth Elementalist)  Turns: 2613, Time: 00:02:25

Health: -4/31      AC:  1    Str:  7    XL:     5   Next: 83%
Magic:  5/9        EV: 13    Int: 19    God:
Gold:   138        SH:  0    Dex: 13    Spells: 2/10 levels left

rFire   . . .        a - +0 rapier
rCold   . . .        (no shield)
rNeg    + . .        (helmet currently unavailable)
rPois   .            (no amulet)
rElec   .            i - ring of positive energy
rCorr   .            (no ring)
SInv    .            (no ring)
Will    .....        (no ring)
Stlth   +++          (no ring)
HPRegen 0.25/turn    (no ring)
MPRegen 0.11/turn    (no ring)
                     (no ring)

%: no passive effects
@: lethally poisoned (-4 -> -7), beast-form
A: beast (slay +1), almost no armour, amphibious, 8 rings, camouflage 1,
gelatinous body 1, (nimble swimmer 1), tentacles
a: Begin Untransformation


You were on level 3 of the Dungeon.
You were a hulking beast.
You visited 1 branch of the dungeon, and saw 3 of its levels.

You collected 138 gold pieces.

Inventory:

Hand Weapons
 a - a +0 rapier (weapon)
Jewellery
 i - a ring of positive energy (left tentacle)
Talismans
 g - a storm talisman
 k - a beast talisman (active)
Wands
 j - a wand of mindburst (21)
Scrolls
 b - 2 scrolls of noise {unknown}
 c - a scroll of teleportation {unknown}
 h - 2 scrolls of vulnerability {unknown}
 l - a scroll of identify {unknown}
 o - a scroll of poison {unknown}
 p - a scroll of immolation {unknown}
Potions
 d - a potion of cancellation {unknown}
 e - a potion of degeneration {unknown}
 f - a potion of mutation {unknown}
 m - a potion of magic
 n - a potion of heal wounds


   Skills:
 - Level 2.0 Dodging
 - Level 2.6 Stealth
 + Level 3.2 Spellcasting
 + Level 2.8 Conjurations
 + Level 4.1 Earth Magic
 + Level 1.9 Shapeshifting


You had 2 spell levels left.
You knew the following spells:

 Your Spells              Type           Power      Damage    Failure   Level
a - Sandblast             Erth           36%        2d10      2%          1
b - Stone Arrow           Conj/Erth      32%        3d9       11%         3
c - Brom's Barrelling Bo  Conj/Erth      16%        2d4       34%         4

Your spell library contained the following spells:

 Spells                   Type           Power      Damage    Failure   Level
 Passwall                 Erth           18%        N/A       9%          3
 Petrify                  Alch/Erth      10%        N/A       54%         4


Dungeon Overview and Level Annotations

Branches:
Dungeon (3/15)

Altars:
Uskayaw


Innate Abilities, Weirdness & Mutations

You are a hulking beast.
Your limbs bulge with bestial killing power. (Slay +1)
You cannot wear most types of armour.
You are amphibious.
You can wear up to eight rings at the same time.
Your skin changes colour to match your surroundings (Stealth+).
Your rubbery body absorbs attacks. (AC +1, EV +1)
((You are camouflaged when in or above water. (Stealth+)))
You have tentacles for arms and can constrict up to eight enemies at once.


Message History

You constrict the water moccasin.
You kill the water moccasin!
* * * LOW HITPOINT WARNING * * *
You feel extremely sick.
Your Spellcasting skill increases to level 3!
Your Earth Magic skill increases to level 4!
You have reached level 5!
You feel agile.
Unknown command.
Okay, then.
You are lethally poisoned (7 -> -9).
You are a hulking beast.
You have 6 tentacles available for constriction.
Your movement speed is average.
Your attack delay is about 1.2.
Your damage rating with your +0 rapier is about 8 (Base 7 x 107% (Dex) x 100% (Skill) + 1 (Slay)).
Unknown command.
It was a potion of heal wounds.
You feel much better.
You feel very sick.
You feel very sick.
The iguana hisses angrily.
You feel very sick.
You feel sick.
An iguana is nearby!
Casting: Sandblast (safe; 2% risk of failure)
Confirm with . or Enter, or press ? or * to list all spells.
Aiming: Sandblast (safe; 2% risk of failure)
Press: ? - help, Shift-Dir - straight line, f - iguana
Aim: an iguana (84% to hit)
The blast of sand hits the iguana.
The iguana is lightly wounded.
You feel sick.
Unknown command.
Casting: Sandblast (safe; 2% risk of failure)
Confirm with . or Enter, or press ? or * to list all spells.
Aiming: Sandblast (safe; 2% risk of failure)
Press: ? - help, Shift-Dir - straight line, f/p - iguana
Aim: an iguana (lightly wounded, 84% to hit)
The blast of sand hits the iguana but does no damage.
The iguana is lightly wounded.
You feel sick. The iguana bites you!
You die...

# #.###..# . ## ### ###
####.##..# ##.###.###)# #.#
#.###.##..#
#.##.##.##.###.##.##.##)#..#
##.#.#.#.#.#.#.#.#.#.#.#.##.#
#.†.#..#..#..#..#..#..#...#.#
##...#...#...#...#...#...#..#
#..#†...#....#.l..#....#..#.#
###...#.....#...h.#.....#...#.#
....†.).#......#......#.......#
####.......#.......#.......####
###......)................†.#
...............#.....####...#
####.################# ##..#
...).# ##.# ####.# #.# #.# #.#


You could see an iguana.

Vanquished Creatures
  A water moccasin (D:3)
  4 adders
  2 ribbon worms
  3 dart slugs
  6 bats
  7 endoplasms
  8 goblins
  6 hobgoblins
  3 jackals (D:2)
  A kobold (D:2)
  3 quokkas
  4 ball pythons
  4 frilled lizards
  5 rats
57 creatures vanquished.

Notes
Turn   | Place    | Note
-------+----------+-------------------------------------------
     0 | D:1      | zenocrate the Octopode Earth Elementalist began the quest
                  | for the Orb.
     0 | D:1      | Reached XP level 1. HP: 11/11 MP: 3/3
   533 | D:1      | Reached XP level 2. HP: 17/17 MP: 5/5
  1099 | D:2      | Reached XP level 3. HP: 21/21 MP: 3/6
  1469 | D:2      | Reached XP level 4. HP: 17/27 MP: 4/8
  1691 | D:2      | Reached skill level 1 in Shapeshifting
  2111 | D:2      | Learned a level 3 spell: Stone Arrow
  2116 | D:2      | Learned a level 4 spell: Brom's Barrelling Boulder
  2175 | D:3      | Found a hide-covered altar of Uskayaw.
  2605 | D:3      | Noticed a water moccasin
  2607 | D:3      | Killed a water moccasin
  2608 | D:3      | Reached skill level 4 in Earth Magic
  2608 | D:3      | Reached XP level 5. HP: 7/31 MP: 7/9
  2613 | D:3      | Slain by an iguana

Illustrated notes

Levels and vault maps discovered:
D:1:      minmay_arrival_plants_in_alcoves, layout_loops_corners,
          chequers_serial_rivers_micro_b
D:2:      cheibrodos_greedy_goblins, layout_loops_ring
D:3:      layout_loops_ring, nicolae_hepliaklqana_hippocampus,
          lemuel_doored_altar, minmay_increasing_density,
          uniq_crazy_yiuf_cottage

Skill      XL: |  1  2  3  4 |
---------------+-------------+-----
Conjurations   | 2 |  2.8
Shapeshifting  | 1 |  1.9
Spellcasting   | 3 |  3.2
Earth Magic    | 4 |  4.1
Dodging        | |  2.0
Stealth        | |  2.6

Action                     |  1- 3 |  4- 6 || total
---------------------------+-------+-------++-------
  Melee: Unarmed           |    40 |    22 ||    62
         Tentacles         |    10 |    12 ||    22
         Constrict         |     8 |     7 ||    15
         Punch             |     1 |       ||     1
         Short sword       |       |    10 ||    10
         Rapier            |       |     8 ||     8
   Cast: Sandblast         |    30 |    13 ||    43
    Use: Potion            |       |     1 ||     1
   Stab: Sleeping          |     6 |     3 ||     9
         Distracted        |       |     1 ||     1
 Armour: Skin              |    22 |    20 ||    42
  Dodge: Dodged            |    31 |    24 ||    55
   Form: Beast             |       |     1 ||     1

Table legend: (Time is in decaauts)
 A = Elapsed time spent in this place.
 B = Non-inter-level travel time spent in this place.
 C = Inter-level travel time spent in this place.
 D = Time resting spent in this place.
 E = Time spent auto-exploring this place.
 F = Levels seen in this place.
 G = Mean time per level.
                   A        B        C        D        E       F      G
               +--------+--------+--------+--------+--------+-----+--------+
         Total |   2633 |   2597 |     36 |      0 |   2193 |   3 |  877.7 |
       Dungeon |   2633 |   2597 |     36 |      0 |   2193 |   3 |  877.7 |
               +--------+--------+--------+--------+--------+-----+--------+

Top non-repeatable levels by time:
     D:2: 1202 daAuts
     D:1: 951 daAuts
     D:3: 479 daAuts
